 Dungeon Crawl Stone Soup version 0.28-a0-60-g54b5640690 (webtiles) character file.

Game seed: 1002972305294190370

360 bande the Covered (level 6, 0/38 HPs)
             Began as a Gargoyle Fighter on July 31, 2021.
             Slain by Sigmund (8 damage)
             ... on level 4 of the Dungeon.
             The game lasted 00:07:41 (4015 turns).

bande the Covered (Gargoyle Fighter)                Turns: 4015, Time: 00:07:42

Health: 0/38       AC: 15    Str: 21    XL:     6   Next: 65%
Magic:  0/6        EV:  6    Int:  4    God:
Gold:   157        SH: 10    Dex: 13    Spells: 5/5 levels left

rFire   . . .      SeeInvis .   a - +0 war axe
rCold   . . .      Faith    .   c - +0 kite shield
rNeg    + . .      Spirit   +   i - +0 chain mail
rPois   ∞          Reflect  .   b - +0 helmet
rElec   +          Harm     .   (no cloak)
rCorr   .          Rampage  .   (no gloves)
Will    .....                   (no boots)
Stlth   ..........              h - amulet of the Doge {Spirit Regen+ Int-4 Dex+3}
HPRegen 1.12/turn               (no ring)
MPRegen 0.10/turn               (no ring)

@: no status effects
A: sickness immunity, AC +4, negative energy resistance 1, electricity
resistance, torment resistance 1, petrification resistance
a: no special abilities


You were on level 4 of the Dungeon.
You visited 1 branch of the dungeon, and saw 4 of its levels.

You collected 157 gold pieces.

Inventory:

Hand Weapons
 a - a +0 war axe (weapon)
 j - a +0 flail
Armour
 b - a +0 helmet (worn)
 c - a +0 kite shield (worn)
 i - a +0 chain mail (worn)
Jewellery
 h - the amulet of the Doge (around neck) {Spirit Regen+ Int-4 Dex+3}
   (You acquired it on level 4 of the Dungeon)

   [amulet of guardian spirit]

   It causes incoming damage to be divided between your reserves of health and
   magic.
   Int:       It affects your intelligence (-4).
   Dex:       It affects your dexterity (+3).
   Regen:     It increases your rate of health regeneration.
Wands
 p - a wand of iceblast (11)
Scrolls
 f - 3 scrolls of fear
 o - 2 scrolls of teleportation
Potions
 d - a potion of might
 e - 2 potions of attraction {unknown}
 g - 2 potions of heal wounds
 k - 2 potions of lignification {unknown}
 m - a potion of curing {unknown}
 n - a potion of haste {unknown}


   Skills:
 + Level 4.2 Fighting
 + Level 3.9 Axes
 + Level 4.6 Armour
 + Level 0.7 Dodging
 - Level 1.2 Stealth
 + Level 4.4 Shields
 * Level 1.0 Evocations


You had 5 spell levels left.
You didn't know any spells.
Your spell library contained the following spells:

 Spells                   Type           Power      Damage    Failure   Level
 Summon Small Mammal      Summ           0%         N/A       100%        1
 Ensorcelled Hibernation  Hex/Ice        0%         N/A       100%        2
 Call Canine Familiar     Summ           0%         N/A       100%        3
 Spider Form              Tmut/Pois      0%         N/A       100%        3
 Summon Guardian Golem    Hex/Summ       0%         N/A       100%        3
 Shadow Creatures         Summ           N/A        N/A       100%        6


Dungeon Overview and Level Annotations

Branches:
Dungeon (4/15)
 Temple: D:4-7

Altars:
Fedhas

Shops:
D:2 =   D:4 [

Annotations:
D:4 Sigmund


Innate Abilities, Weirdness & Mutations

You are immune to sickness and miasma.
Your stone body is resilient. (AC +4)
You are immune to poison.
You resist negative energy. (rN+)
You are resistant to electric shocks. (rElec)
You are resistant to unholy torment.
You are immune to petrification.


Message History

You bump into the rock wall.
Sigmund barely misses you.
You feel less confused. Sigmund hits you with a +0 scythe!
Sigmund gestures at you while chanting.
The magic dart hits you but does no damage.
Sigmund gestures at you while chanting. The magic dart hits you.
Sigmund hits you but does no damage. Sigmund hits you but does no damage.
You hit Sigmund but do no damage. Sigmund hits you with a +0 scythe.
You block Sigmund's attack.
You hit Sigmund.
Sigmund is lightly wounded.
Sigmund points at you and mumbles some strange words.
You are confused.
You barely miss Sigmund.
Sigmund is lightly wounded.
Sigmund asks, "Do you like me?" Sigmund gestures at you while chanting.
The magic dart hits you. Sigmund hits you with a +0 scythe!
Sigmund hits you but does no damage.
You bump into the rock wall.
Sigmund looks at you with fury.
Sigmund hits you from afar with a +0 scythe.
You bump into the rock wall.
Sigmund barely misses you.
Sigmund hits you from afar with a +0 scythe.
You feel less confused. Sigmund barely misses you.
Sigmund hits you with a +0 scythe!
You hit Sigmund.
Sigmund is lightly wounded.
Sigmund gestures at you while chanting. The magic dart hits you!
* * * LOW HITPOINT WARNING * * *
You closely miss Sigmund.
Sigmund is lightly wounded.
Sigmund hits you with a +0 scythe.
* * * LOW HITPOINT WARNING * * *
Sigmund hits you with a +0 scythe!
You die...

*,,,,,,,,,,,#............+.....
*,,,,,,,,,,,#............#.....
*,,,,,,,,,,,#............#.....
*,,,,,,,,,,,#............##..##
*,,,,,,,,,,,#..#######...##..##
*,,,,,,,,,,,#..#*,,,*#.......#.
*,,,,,,,,,,,#..#,,,,,#.......#.
***,,,,,,,,,,,#..#,,,,,+.......+.
,,,,,,,,,,,,,,#@@#*,,,*#...##..#.
,,,,,,,,,,,,,,#..#######...#*..##
,,,,,,,,,,,,,,#.......#....######
,,,,,,,,,,,,,,#.......#.....#....
,,,,,,,,,,,,,,+..##..###'####....
,,,,,,,,,,,,,,#..#*..#......#..##
,,,,,,,,,,,,,,#...,,.#......#..##
,,,,,,,,,,,,,,#....,,#......#..#.
,,,,,,,,,,,,,,#..##*##......#..+.


You could see Sigmund.

Vanquished Creatures
  A scorpion (D:4)
  An orc priest (D:3)
  Jessica (D:2)
  Terence (D:2)
  An iguana (D:4)
  Robin (D:2)
  4 gnolls (D:4)
  3 adders
  A howler monkey skeleton (D:4)
  3 worms
  5 dart slugs
  7 orcs
  3 ball pythons
  7 bats
  An endoplasm (D:3)
  13 goblins
  12 hobgoblins
  3 jackals (D:2)
  3 quokkas
  4 frilled lizards
  6 kobolds
  7 rats
  A spectral goblin (D:1)
89 creatures vanquished.

Notes
Turn   | Place    | Note
-------+----------+-------------------------------------------
     0 | D:1      | bande the Gargoyle Fighter began the quest for the Orb.
     0 | D:1      | Reached XP level 1. HP: 14/14 MP: 1/1
   239 | D:1      | Found a faded altar of an unknown god.
   241 | D:1      | Reached XP level 2. HP: 19/19 MP: 2/2
   886 | D:1      | Reached XP level 3. HP: 23/23 MP: 3/3
  1051 | D:2      | Reached skill level 1 in Stealth
  1336 | D:2      | Noticed Jessica
  1342 | D:2      | Killed Jessica
  1343 | D:2      | Reached XP level 4. HP: 19/29 MP: 4/4
  1454 | D:2      | Found Papei's Jewellery Shop.
  1832 | D:2      | Found a blossoming altar of Fedhas.
  1881 | D:2      | Noticed Terence
  1890 | D:2      | Killed Terence
  2077 | D:2      | Noticed Robin
  2285 | D:2      | Reached XP level 5. HP: 32/33 MP: 5/5
  2412 | D:2      | Killed Robin
  3639 | D:4      | Identified a scroll of acquirement
  3639 | D:4      | Acquired the amulet of the Doge {Spirit Regen+ Int-4 Dex+3}
  3661 | D:4      | Reached XP level 6. HP: 38/38 MP: 6/6
  3816 | D:4      | Reached skill level 1 in Evocations
  3852 | D:4      | Found Tigh's Antique Armour Boutique.
  3988 | D:4      | Noticed Sigmund
  4015 | D:4      | Slain by Sigmund

Illustrated notes

Levels and vault maps discovered:
D:1:      sevenhm_arrival_forest_fort_large_4, layout_loops_ring,
          dreamdust_ecumenical_altar_drowned_temple
D:2:      layout_basic, basic_altar, serial_shops, nicolae_square_shop,
          grunt_decor_resistance, st_stairs_8, minmay_hexomino_u4, uniq_jessica,
          uniq_robin, uniq_terence
D:3:      layout_basic, kennysheep_generic_room_5
D:4:      layout_gridville, serial_shops, nicolae_shop_stone, uniq_sigmund,
          uniq_menkaure

Skill      XL: |  1  2  3  4  5  6 |
---------------+-------------------+-----
Axes           | 2 3 |  3.9
Stealth        | 1 |  1.2
Armour         | 4 |  4.6
Shields        | 4 |  4.4
Fighting       | 4 |  4.2
Evocations     | 1 |  1.0
Dodging        | |  0.7

Action                   |  1- 3 |  4- 6 || total
-------------------------+-------+-------++-------
Melee: War axe           |    73 |   218 ||   291
  Use: Scroll            |     2 |     5 ||     7
Armor: Scale mail        |    40 |     9 ||    49
       Chain mail        |       |   157 ||   157
Dodge: Dodged            |    21 |    61 ||    82
Block: Kite shield       |    36 |   136 ||   172

Table legend: (Time is in decaauts)
 A = Elapsed time spent in this place.
 B = Non-inter-level travel time spent in this place.
 C = Inter-level travel time spent in this place.
 D = Time resting spent in this place.
 E = Time spent auto-exploring this place.
 F = Levels seen in this place.
 G = Mean time per level.
                   A        B        C        D        E       F      G
               +--------+--------+--------+--------+--------+-----+--------+
         Total |   4185 |   4154 |     31 |    838 |   2339 |   4 | 1046.2 |
       Dungeon |   4185 |   4154 |     31 |    838 |   2339 |   4 | 1046.2 |
               +--------+--------+--------+--------+--------+-----+--------+

Top non-repeatable levels by time:
     D:2: 1989 daAuts
     D:1: 1056 daAuts
     D:3: 735 daAuts
     D:4: 403 daAuts
